 Dungeon Crawl Stone Soup version 0.29-a0-323-g050149af67 (webtiles) character file.

Game seed: 5435348206531686127

1808 Jortsu the Cudgeller (level 8, -4/78 HPs)
             Began as a Troll Hunter on Apr 11, 2022.
             Was a Believer of the Shining One.
             Shot with a bolt by an orc warrior (11 damage)
             ... in a bailey.
             The game lasted 00:10:08 (4478 turns).

Jortsu the Cudgeller (Troll Hunter)                 Turns: 4478, Time: 00:10:08

Health: -4/78      AC:  7    Str: 19    XL:     8   Next: 84%
Magic:  7/7        EV: 12    Int:  4    God:    the Shining One [**....]
Gold:   183        SH:  0    Dex: 22    Spells: 7/7 levels left

rFire   . . .      SeeInvis .   v - +0 giant club
rCold   . . .      Faith    .   (shield currently unavailable)
rNeg    + + .      Spirit   .   b - +0 robe
rPois   +          Reflect  .   (helmet restricted)
rElec   .          Harm     .   t - +2 ratskin cloak {*Rats rPois rN+ Str-1 Int-1 Dex+1}
rCorr   .          Rampage  .   (gloves unavailable)
Will    .....      Rage     1%  (boots unavailable)
Stlth   +.........              (no amulet)
HPRegen 1.03/turn               u - +6 ring of dexterity
MPRegen 0.10/turn               (no ring)

@: glowing
A: large, unfitting armour, claws 3, regeneration 1, shaggy fur 1, tough skin 1,
berserk 1, sense surroundings 1
a: Renounce Religion, Divine Shield


You were in a bailey.
You worshipped the Shining One.
The Shining One was pleased with you.
You visited 1 branch of the dungeon, and saw 7 of its levels.
You also visited: Bailey.

You collected 367 gold pieces.
You spent 184 gold pieces at shops.

Inventory:

Hand Weapons
 a - a +2 hunting sling
 v - a +0 giant club (weapon)
Missiles
 o - a throwing net
Armour
 b - a +0 robe (worn)
 n - a +1 cloak
 s - a scarf of repulsion
 t - the +2 ratskin cloak (worn) {*Rats rPois rN+ Str-1 Int-1 Dex+1}
   (You found it on level 4 of the Dungeon)

   When the wearer is hurt, rats may emerge from it to assist them.
   Str:       It affects your strength (-1).
   Int:       It affects your intelligence (-1).
   Dex:       It affects your dexterity (+1).
   rPois:     It protects you from poison.
   rN:        It protects you from negative energy.
Jewellery
 u - a +6 ring of dexterity (left claw)
 x - the ring of Zin's Benevolence {+Blink rPois rC+ rN++ Str-3}
   (You found it on level 5 of the Dungeon)

   [ring of protection from cold]

   Str:       It affects your strength (-3).
   rC:        It protects you from cold.
   rPois:     It protects you from poison.
   rN:        It greatly protects you from negative energy.
   +Blink:    It lets you blink.
Wands
 w - a wand of flame (23)
 A - a wand of iceblast (12)
 C - a wand of polymorph (13)
Scrolls
 c - 2 scrolls of immolation
 d - a scroll of amnesia
 f - 4 scrolls of teleportation
 l - a scroll of enchant armour
 m - a scroll of enchant weapon
 p - 2 scrolls of blinking
 B - a scroll of brand weapon
Potions
 e - 6 potions of curing
 g - a potion of heal wounds
 h - a potion of ambrosia
 i - a potion of resistance {unknown}
 j - 2 potions of haste
 k - a potion of brilliance
 q - 3 potions of flight
 r - a potion of might
 z - 2 potions of lignification


   Skills:
 + Level 3.7 Fighting
 + Level 6.4 Maces & Flails
 + Level 3.2 Slings
 + Level 4.1 Dodging
 + Level 1.6 Stealth
 + Level 4.9 Unarmed Combat


You had 7 spell levels left.
You didn't know any spells.
Your spell library contained the following spells:

 Spells                   Type           Power      Damage    Failure   Level
 Pain                     Necr           0%         1d4       50%         1
 Summon Small Mammal      Summ           0%         N/A       50%         1
 Blink                    Tloc           0%         N/A       65%         2
 Ensorcelled Hibernation  Hex/Ice        0%         N/A       65%         2
 Passwall                 Tmut/Erth      0%         N/A       65%         2
 Call Canine Familiar     Summ           0%         N/A       86%         3
 Confusing Touch          Hex            0%         N/A       86%         3
 Summon Guardian Golem    Hex/Summ       0%         N/A       86%         3
 Swiftness                Air            0%         N/A       86%         3
 Petrify                  Tmut/Erth      0%         N/A       99%         4
 Agony                    Necr           0%         N/A       100%        5
 Excruciating Wounds      Necr           0%         N/A       100%        5
 Manifold Assault         Tloc           0%         N/A       100%        5
 Metabolic Englaciation   Hex/Ice        0%         N/A       100%        5
 Yara's Violent Unravell  Hex/Tmut       0%         3d3       100%        5
 Statue Form              Tmut/Erth      0%         N/A       100%        6
 Enfeeble                 Hex            0%         N/A       100%        7
 Storm Form               Tmut/Air       0%         N/A       100%        7


Dungeon Overview and Level Annotations

Branches:
Dungeon (7/15)             Temple (0/1) D:4          Bailey (1/1)

Altars:
Zin
The Shining One

Shops:
D:2 (   D:5 *   D:6 ?


Innate Abilities, Weirdness & Mutations

You are too large for most types of armour.
You have claws for hands.
Your natural rate of healing is unusually fast.
You are covered in fur. (AC +1)
You have tough skin. (AC +1)
You tend to lose your temper in combat.
You passively map a small area around you.


Message History

The orc shouts!
You hear a shout!
The orc shouts!
Found a gate leading back out of this place. 2 orc warriors come into view.
The orc warrior shouts!
An orc comes into view. It is wielding a +0 arbalest.
The orc shouts!
The orc shoots a bolt.
The bolt hits you but does no damage.
The orc warrior shoots a bolt.
The bolt hits you.
The orc shoots a bolt.
The bolt misses you.
The orc warrior shoots a bolt.
The bolt hits you!
The orc shoots a bolt.
The bolt completely misses you.
The orc shoots a bolt.
The bolt completely misses you.
The orc warrior shoots a bolt.
The bolt barely misses you.
The orc shoots a bolt.
The bolt hits you!
A river rat scurries out from under your cloak.
The orc warrior shoots a bolt.
The bolt hits you!
A river rat scurries out from under your cloak.
The orc shoots a bolt.
The bolt closely misses you.
An orc comes into view. It is wielding a +0 arbalest.
The orc shouts!
You hear a shout!
An orc warrior comes into view. It is wielding a +0 arbalest.
You start removing your armour.
You continue taking off the +2 ratskin cloak {*Rats rPois rN+ Str-1 Int-1 Dex+1}.
The orc shoots a bolt.
The bolt hits your river rat!
Your river rat dies!
The orc warrior shoots a bolt.
Keep disrobing?
The bolt hits you!
The orc shoots a bolt.
The bolt misses you.
You continue taking off the +2 ratskin cloak {*Rats rPois rN+ Str-1 Int-1 Dex+1}.
The orc shoots a bolt.
The bolt closely misses you.
The orc warrior shoots a bolt.
The bolt hits you!!
A river rat scurries out from under your cloak.
The orc shoots a bolt.
The bolt hits you!
* * * LOW HITPOINT WARNING * * *
You continue taking off the +2 ratskin cloak {*Rats rPois rN+ Str-1 Int-1 Dex+1}.
The orc shoots a bolt.
The bolt barely misses you.
The orc shoots a bolt.
The bolt hits you!
* * * LOW HITPOINT WARNING * * *
The orc warrior shoots a bolt.
The bolt hits you!
You die...

#.....≈≈≈≈≈
#....ooo≈≈≈≈
#.....≈≈≈≈≈
#.....≈≈≈≈≈
#.....≈≈≈≈≈
#.....≈≈≈≈≈
,
#.....≈≈≈≈≈
#r....≈≈≈≈ ≈
#@....≈≈≈≈≈
≈ #.....≈≈≈
≈ ≈
#r....≈≈≈
#.....≈≈# ≈
#.....≈## *
#.....≈#o ≈
#.....≈##
#.....≈≈ ≈


You could see 2 orc warriors, 2 orcs and 2 friendly river rats.

Vanquished Creatures
  A water moccasin (D:6)
  A sky beast (D:4)
  2 ice beasts
  2 ogres
  2 centaurs (D:5)
  2 phantoms
  A bullfrog (D:6)
  A necrophage (D:3)
  3 scorpions
  2 howler monkeys
  A gnoll shaman (D:4)
  A hound (D:6)
  2 jellies
  Ijyb (D:3)
  An iguana (D:5)
  An orc wizard (D:6)
  13 adders
  6 gnolls
  2 white imps
  An ufetubus (D:6)
  4 worms (D:2)
  2 dart slugs
  5 orcs (D:6)
  10 ball pythons
  6 bats
  7 endoplasms
  2 giant cockroaches (D:2)
  3 goblins
  8 hobgoblins
  4 quokkas
  3 frilled lizards
  2 kobolds
  A rat (D:1)
103 creatures vanquished.

Vanquished Creatures (collateral kills)
  A water moccasin (D:5)
1 creature vanquished.

Grand Total: 104 creatures vanquished

Notes
Turn   | Place    | Note
-------+----------+-------------------------------------------
     0 | D:1      | Jortsu the Troll Hunter began the quest for the Orb.
     0 | D:1      | Reached XP level 1. HP: 19/19 MP: 0/0
   109 | D:1      | Reached XP level 2. HP: 28/28 MP: 1/1
   454 | D:1      | Reached XP level 3. HP: 32/35 MP: 2/2
   829 | D:2      | Reached skill level 1 in Unarmed Combat
   921 | D:2      | Found Ladghoes's Weapon Emporium.
  1137 | D:2      | Reached XP level 4. HP: 24/42 MP: 3/3
  1255 | D:2      | Found a faded altar of an unknown god.
  1263 | D:2      | Prayed at the altar of an unknown god.
  1263 | D:2      | Became a worshipper of the Shining One
  1263 | D:2      | Reached * piety under the Shining One
  1701 | D:3      | Noticed a necrophage
  1706 | D:3      | Killed a necrophage
  1707 | D:3      | Reached skill level 1 in Stealth
  1707 | D:3      | Reached XP level 5. HP: 47/49 MP: 4/4
  1780 | D:3      | Noticed an ice beast
  1786 | D:3      | Killed an ice beast
  1859 | D:3      | Reached XP level 6. HP: 57/57 MP: 5/5
  2020 | D:3      | Noticed Ijyb
  2029 | D:3      | Killed Ijyb
  2132 | D:4      | Found the +2 ratskin cloak {*Rats rPois rN+ Str-1 Int-1
                  | Dex+1}
  2182 | D:4      | Noticed a sky beast
  2187 | D:4      | Killed a sky beast
  2188 | D:4      | Reached skill level 1 in Maces & Flails
  2262 | D:4      | Found a staircase to the Ecumenical Temple.
  2301 | D:4      | Reached XP level 7. HP: 61/65 MP: 6/6
  2535 | D:4      | Reached skill level 2 in Maces & Flails
  2982 | D:5      | Entered Level 5 of the Dungeon
  3077 | D:5      | Reached skill level 3 in Maces & Flails
  3099 | D:5      | Identified the ring of Zin's Benevolence {+Blink rPois rC+
                  | rN++ Str-3}
  3125 | D:5      | Reached ** piety under the Shining One
  3128 | D:5      | Reached skill level 4 in Maces & Flails
  3128 | D:5      | Reached XP level 8. HP: 38/74 MP: 7/7
  3222 | D:5      | Found a glowing silver altar of Zin.
  3523 | D:5      | Found Yreriux's General Store.
  3730 | D:5      | Bought a scroll of identify for 28 gold pieces
  3730 | D:5      | Bought 3 scrolls of identify for 84 gold pieces
  3735 | D:5      | Gained mutation: You are frail. (-10% HP) [potion of
                  | mutation]
  3735 | D:5      | Gained mutation: You are clumsy. (Dex -2) [potion of
                  | mutation]
  3735 | D:5      | Gained mutation: Your system is resistant to poisons.
                  | (rPois) [potion of mutation]
  3736 | D:5      | Lost mutation: Your system is resistant to poisons. (rPois)
                  | [potion of mutation]
  3736 | D:5      | Lost mutation: You are clumsy. (Dex -2) [potion of
                  | mutation]
  3736 | D:5      | Lost mutation: You are frail. (-10% HP) [potion of
                  | mutation]
  3736 | D:5      | Gained mutation: You tend to lose your temper in combat.
                  | [potion of mutation]
  3736 | D:5      | Gained mutation: You passively map a small area around you.
                  | [potion of mutation]
  3813 | D:6      | Reached skill level 5 in Maces & Flails
  3835 | D:6      | Found Tuecet's Magic Scroll Boutique.
  3843 | D:6      | Bought a scroll of identify for 24 gold pieces
  3843 | D:6      | Bought a scroll of identify for 24 gold pieces
  3843 | D:6      | Bought a scroll of identify for 24 gold pieces
  4378 | D:6      | Reached skill level 6 in Maces & Flails
  4440 | D:7      | Found a flagged portal.
  4455 | Bailey   | Entered a bailey
  4478 | Bailey   | Shot with a bolt by an orc warrior

Illustrated notes

Levels and vault maps discovered:
D:1:      ncdulo_watergridlock, layout_basic, minmay_bisected
D:2:      layout_basic, serial_shops, shop, chequers_ecumenical_altar_simple,
          grunt_ministairs_12
D:3:      layout_loops_ring, uniq_ijyb
D:4:      layout_loops_corners, minmay_temple_entry_butterflies
D:5:      layout_cave_pods, nicolae_overflow_crystal_walls, serial_shops,
          nicolae_shop_waterfront
D:6:      layout_basic, serial_shops, nicolae_diamond_shop,
          mrwooster_statue_mirror, minmay_fountain_box
D:7:      layout_rooms, enter_bailey_1
Bailey:   bailey_polearm_2, bailey

Skill      XL: |  1  2  3  4  5  6  7  8 |
---------------+-------------------------+-----
Slings         | 3 |  3.2
Unarmed Combat | 1 2 3 4 |  4.9
Dodging        | 2 3 4 |  4.1
Fighting       | 2 3 |  3.7
Stealth        | 1 |  1.6
Maces & Flails | 1 4 6 |  6.4

Action                   |  1- 3 |  4- 6 |  7- 9 || total
-------------------------+-------+-------+-------++-------
Melee: Unarmed           |    99 |    46 |       ||   145
       Punch             |     2 |     2 |       ||     4
       Giant club        |       |    17 |   122 ||   139
  Use: Scroll            |     3 |     5 |    11 ||    19
       Potion            |       |       |     2 ||     2
 Stab: Sleeping          |     7 |       |       ||     7
Armor: Robe              |    35 |    25 |    73 ||   133
Dodge: Dodged            |    47 |    32 |   124 ||   203
       Repelled          |       |     1 |       ||     1

Table legend: (Time is in decaauts)
 A = Elapsed time spent in this place.
 B = Non-inter-level travel time spent in this place.
 C = Inter-level travel time spent in this place.
 D = Time resting spent in this place.
 E = Time spent auto-exploring this place.
 F = Levels seen in this place.
 G = Mean time per level.
                   A        B        C        D        E       F      G
               +--------+--------+--------+--------+--------+-----+--------+
         Total |   4544 |   4421 |    123 |    129 |   3141 |   8 |  568.0 |
       Dungeon |   4522 |   4399 |    123 |    129 |   3141 |   7 |  646.0 |
        Bailey |     22 |     22 |      0 |      0 |      0 |   1 |   22.0 |
               +--------+--------+--------+--------+--------+-----+--------+

Top non-repeatable levels by time:
     D:4: 895 daAuts
     D:2: 844 daAuts
     D:5: 825 daAuts
     D:3: 681 daAuts
     D:6: 655 daAuts
     D:1: 579 daAuts
     D:7: 39 daAuts
  Bailey: 22 daAuts
